 Dungeon Crawl Stone Soup version 0.29.0-4-gdea44cf6ec (webtiles) character file.

Game seed: 3125945953428244399

128 qw the Sneak (level 5, 0/32 HPs)
             Began as a Gargoyle Delver on Sept 10, 2022.
             Slain by an orc wizard
             ... wielding a +0 dagger
              (1 damage)
             ... on level 4 of the Dungeon.
             The game lasted 00:00:18 (1077 turns).

qw the Sneak (Gargoyle Delver)                      Turns: 1077, Time: 00:00:19

Health: 0/32       AC:  9    Str: 18    XL:     5   Next: 11%
Magic:  5/5        EV: 11    Int: 10    God:
Gold:   63         SH:  0    Dex: 11    Spells: 4/4 levels left

rFire   . . .      SeeInvis .   Y - +0 hand axe
rCold   . . .      Faith    .   (no shield)
rNeg    + . .      Spirit   .   h - +0 ring mail
rPois   inf        Reflect  .   (no helmet)
rElec   +          Harm     .   (no cloak)
rCorr   .          Rampage  .   (no gloves)
Will    .....                   (no boots)
Stlth   ++........              (no amulet)
HPRegen 0.10/turn               (no ring)
MPRegen 0.09/turn               (no ring)

@: no status effects
A: sickness immunity, AC +4, negative energy resistance 1, electricity
resistance, torment resistance 1, petrification resistance
a: no special abilities


You were on level 4 of the Dungeon.
You visited 1 branch of the dungeon, and saw 2 of its levels.

You collected 63 gold pieces.


Innate Abilities, Weirdness & Mutations

You are immune to sickness and miasma.
Your stone body is resilient. (AC +4)
You are immune to poison.
You resist negative energy. (rN+)
You are resistant to electric shocks. (rElec)
You are resistant to unholy torment.
You are immune to petrification.


   Skills:
 - Level 3.2 Fighting
 + Level 4.3 Axes
 - Level 1.7 Armour
 - Level 1.5 Dodging
 - Level 5.4 Stealth


You had 4 spell levels left.
You didn't know any spells.
Your spell library was empty.

Inventory:

Hand Weapons
 j - a +0 club
 Y - a +0 hand axe (weapon)
Armour
 h - a +0 ring mail (worn)
Wands
 g - a wand of digging (3)
Potions
 f - a potion of haste

Dungeon Overview and Level Annotations

Branches:
Dungeon (5/15)
 Temple: D:4-7

Altars:
Nemelex Xobeh
Sif Muna

Shops:
D:5 (


Message History

You miss something. Something completely misses you.
You barely miss something.
You hear some strange, mumbled words.
A magic dart appears from out of thin air!
The magic dart hits you but does no damage.
You miss something. Something hits you.
You hit something but do no damage. Something hits you.
You hear some strange, mumbled words.
You are confused.
You're too confused to attack without stumbling around!
There is a strange disturbance nearby!
Something hits you but does no damage.
You're too confused to attack without stumbling around!
There is a strange disturbance nearby!
Something hits you but does no damage.
You're too confused to attack without stumbling around!
There is a strange disturbance nearby!
Something hits you but does no damage.
You're too confused to attack without stumbling around!
There is a strange disturbance nearby!
Something hits you but does no damage.
You're too confused to attack without stumbling around!
There is a strange disturbance nearby!
Something hits you.
You're too confused to attack without stumbling around!
There is a strange disturbance nearby!
You feel less confused. Something hits you but does no damage.
You hit something. Something hits you but does no damage.
You miss something. Something hits you.
You completely miss something. Your punch misses something.
An orc wizard appears from thin air!
Reactivating autopickup.
The orc wizard hits you with a +0 dagger.
You die...

#.# #.#
#.###.######
#..........#
..#####.####.#
...........#
#'#####'##.#
.........#.#
......)..#.#
......)@)#.#
.......o.#.#
##.........#
#.........#
#..........#
#.........>..
####+###...#..
...#..


You could see an orc wizard.

Vanquished Creatures
  A scorpion (D:5)
  2 orc wizards
  An adder (D:5)
  6 orcs
  An endoplasm (D:4)
  A goblin (D:4)
12 creatures vanquished.

Notes
Turn   | Place    | Note
-------+----------+-------------------------------------------
     0 | D:5      | qw the Gargoyle Delver began the quest for the Orb.
     0 | D:5      | Reached XP level 1. HP: 14/14 MP: 1/1
     0 | D:5      | 0 ||| qw: Version: 0.1-a-117-gfe26ee0
     0 | D:5      | 0 ||| qw: Game counter: 9597
     0 | D:5      | 0 ||| qw: Always use a shield: true
     0 | D:5      | 0 ||| qw: God list: Okawaru
     0 | D:5      | 0 ||| qw: Allow faded altars: false
     0 | D:5      | 0 ||| qw: Do Orc after D:15 true
     0 | D:5      | 0 ||| qw: Do second Lair branch before Depths: true
     0 | D:5      | 0 ||| qw: Lair rune preference: random
     0 | D:5      | 0 ||| qw: Plans: Normal
     0 | D:5      | 0 ||| PLANNING D:1-11
    33 | D:5      | Found Judafrel's Weapon Shop.
    71 | D:5      | HP: 3/14 [adder (3)]
    74 | D:5      | Reached XP level 2. HP: 5/19 MP: 2/2
   184 | D:5      | Noticed a scorpion
   185 | D:5      | 185 ||| Stepping ~*~*~tactically~*~*~ (stealth).
   186 | D:5      | 186 ||| Stepping ~*~*~tactically~*~*~ (stealth).
   188 | D:5      | 188 ||| Stepping ~*~*~tactically~*~*~ (stealth).
   214 | D:5      | Killed a scorpion
   215 | D:5      | Reached skill level 3 in Axes
   215 | D:5      | Reached XP level 3. HP: 12/23 MP: 3/3
   215 | D:5      | Reached XP level 4. HP: 14/28 MP: 4/4
   492 | D:5      | 492 ||| Stepping ~*~*~tactically~*~*~ (hiding).
   574 | D:5      | 574 ||| Stepping ~*~*~tactically~*~*~ (stealth).
   691 | D:5      | 691 ||| Stepping ~*~*~tactically~*~*~ (stealth).
   695 | D:5      | 695 ||| Stepping ~*~*~tactically~*~*~ (stealth).
   728 | D:5      | Found a sparkling altar of Nemelex Xobeh.
   792 | D:5      | Found a shimmering blue altar of Sif Muna.
   843 | D:5      | 843 ||| UPGRADING to +0 ring mail.
   853 | D:5      | 853 ||| DROPPING +0 leather armour.
   854 | D:5      | 854 ||| READING scroll labelled HUYCLI ORYSO.
   855 | D:5      | 855 ||| DROPPING scroll of fog.
   856 | D:5      | 856 ||| DROPPING scroll of magic mapping.
   857 | D:5      | 857 ||| DROPPING scroll of fear.
   861 | D:5      | 861 ||| FLEEEEING.
   862 | D:5      | 862 ||| FLEEEEING.
   863 | D:5      | 863 ||| STAIRDANCE
   979 | D:4      | 979 ||| Stepping ~*~*~tactically~*~*~ (stealth).
   982 | D:4      | 982 ||| Stepping ~*~*~tactically~*~*~ (stealth).
  1058 | D:4      | Reached skill level 1 in Armour
  1058 | D:4      | Reached XP level 5. HP: 17/32 MP: 5/5
  1062 | D:4      | HP: 8/32 [something (3)]
  1067 | D:4      | HP: 5/32 [something (3)]
  1073 | D:4      | HP: 1/32 [something (3)]
  1077 | D:4      | Slain by an orc wizard

Levels and vault maps discovered:
D:4:      layout_basic
D:5:      minmay_razor_zed, layout_basic, mainiacjoe_overflow_catwalk_spiral,
          nemelex_altar_shiori, minmay_temple_entry_nine_rooms, serial_shops,
          nicolae_shop_waterfront, minmay_misc_feat_nine_boxes

Skill      XL: |  1  2  3  4 |
---------------+-------------+-----
Axes           | 2 3 4 |  4.3
Armour         | 1 |  1.7
Fighting       | |  3.2
Dodging        | |  1.5
Stealth        | |  5.4

Action                   |  1- 3 |  4- 6 || total
-------------------------+-------+-------++-------
Melee: Hand axe          |    24 |    53 ||    77
  Use: Scroll            |       |     1 ||     1
Armor: Leather armour    |     9 |     3 ||    12
       Ring mail         |       |    13 ||    13
Dodge: Dodged            |    17 |    16 ||    33

Table legend:
 A = Non-vault XP
 B = Vault XP
 C = Vault XP percentage of total XP
 D = Non-vault monster count
 E = Vault monster count
 F = Vault count percentage of total count
                 A         B        C        D         E       F
            +---------+---------+-------+---------+---------+-------
      Total |     183 |       0 |   0.0 |      12 |       0 |   0.0
            +---------+---------+-------+---------+---------+-------
        D:4 |      43 |       0 |   0.0 |       6 |       0 |   0.0
        D:5 |     140 |       0 |   0.0 |       6 |       0 |   0.0
            +---------+---------+-------+---------+---------+-------
